 Dungeon Crawl Stone Soup version 0.24.0-37-gcf1ca852f1 (webtiles) character file.

Game seed: 2496149778037036665, levelgen mode: deterministic

9694 sankara the Slinger (level 11, 0/75 HPs)
             Began as a Halfling Hunter on Nov 30, 2019.
             Was an Elder of Okawaru.
             Slain by a death yak (17 damage)
             ... on level 8 of the Dungeon.
             The game lasted 00:55:34 (12409 turns).

sankara the Slinger (Halfling Hunter)              Turns: 12409, Time: 00:55:35

Health: 0/75       AC: 17    Str: 16    XL:     11   Next: 79%
Magic:  16/16      EV: 24    Int:  9    God:    Okawaru [****..]
Gold:   321        SH:  7    Dex: 16    Spells: 10/10 levels left

rFire    . . .     SeeInvis .   b - +2 dagger (elec)
rCold    . . .     Gourm    .   M - +0 buckler
rNeg     . . .     Faith    .   V - +3 ring mail {rPois}
rPois    +         Spirit   .   p - +2 hat
rElec    +         Reflect  .   K - +3 cloak of Dishonesty {rElec}
rCorr    .         Harm     .   S - +0 pair of gloves
MR       ++...                  (no boots)
Stlth    ++++......             (no amulet)
HPRegen  0.22/turn              j - ring of protection from magic
MPRegen  0.15/turn              I - ring of protection from magic

@: lethally poisoned (0 -> -4), heroism
A: small, mutation resistance 1, electricity resistance
a: Heroism, Renounce Religion


You were on level 8 of the Dungeon.
You worshipped Okawaru.
Okawaru was greatly pleased with you.
You were not hungry.

You visited 2 branches of the dungeon, and saw 10 of its levels.
You also visited: Bailey.

You collected 615 gold pieces.
You spent 294 gold pieces at shops.

Inventory:

Hand Weapons
 a - a +1 hunting sling
 b - a +2 dagger of electrocution (weapon)
 c - a +2 rapier of venom
 x - a +2 dagger of speed
 B - a +0 rapier
 D - the +8 hand axe of the World {chop, rC+ Int+4, unknown}
   (You found it in a bailey)

   It inflicts extra damage upon your enemies.
   It affects your intelligence (+4).
   It protects you from cold.
Missiles
 d - 169 sling bullets
 i - 78 stones (quivered)
 o - 25 poisoned darts
 y - 9 boomerangs
Armour
 p - a +2 hat (worn)
 v - the +1 chain mail "Ercheigotal" {rN+++}
   (You took it off an orc warrior in a bailey)

   It renders you almost immune to negative energy.
 K - the +3 cloak of Dishonesty (worn) {rElec}
   (You bought it in a shop on level 5 of the Dungeon)

   It insulates you from electricity.
 M - a +0 buckler (worn)
 S - a +0 pair of gloves (worn)
 V - a +3 ring mail of poison resistance (worn)
Jewellery
 j - a ring of protection from magic (left hand)
 H - a +3 ring of intelligence
 I - a ring of protection from magic (right hand)
 R - an uncursed ring of resist corrosion
Wands
 e - a wand of enslavement (6)
 J - a wand of paralysis (16)
 L - a wand of iceblast (11)
Scrolls
 g - 2 scrolls of magic mapping {unknown}
 h - a scroll of enchant armour {unknown}
 l - a scroll of amnesia
 m - 10 scrolls of remove curse
 s - a scroll of fog {unknown}
 t - 8 scrolls of teleportation
 u - a scroll of blinking {unknown}
 E - 2 scrolls of enchant weapon {unknown}
 N - a scroll of fear {unknown}
 O - a scroll of noise {unknown}
Potions
 k - 2 potions of might
 n - 3 potions of haste
 q - 2 potions of lignification
 r - 3 potions of mutation
 w - a potion of berserk rage
 z - 3 potions of magic
 A - 2 potions of curing
 C - 6 potions of heal wounds
 F - 2 potions of brilliance
 P - a potion of ambrosia
Miscellaneous
 W - a phantom mirror
Comestibles
 f - 21 rations
 G - 2 chunks of flesh


   Skills:
 - Level 7.4(12.4) Fighting
 - Level 9.0(14.0) Short Blades
 - Level 12.0(17.0) Slings
 + Level 2.8(7.8) Armour
 - Level 9.0(14.0) Dodging
 - Level 5.6(10.6) Stealth
 + Level 1.7(6.7) Shields
 - Level 7.0 Invocations


You had 10 spell levels left.
You didn't know any spells.
Your spell library contained the following spells:

 Spells                   Type           Power        Failure   Level  Hunger
 Magic Dart               Conj           #...         56%         1    ##.....
 Sandblast                Erth           #.....       56%         1    ##.....
 Passwall                 Tmut/Erth      #.......     71%         2    ###....
 Searing Ray              Conj           #.....       71%         2    ###....
 Dazzling Spray           Conj/Hex       #.....       91%         3    ####...
 Stone Arrow              Conj/Erth      #.....       91%         3    ####...
 Force Lance              Conj/Tloc      #.......     100%        4    #####..
 Fulminant Prism          Conj/Hex       #.........   100%        4    #####..
 Iskenderun's Mystic Bla  Conj           #.......     100%        4    #####..
 Petrify                  Tmut/Erth      #.......     100%        4    #####..
 Lee's Rapid Deconstruct  Erth           #.........   100%        5    ######.


Dungeon Overview and Level Annotations

Branches:
Dungeon (9/15)             Temple (1/1) D:6            Lair (0/6) D:9
 Bailey (visited)
    Orc: D:9-12

Altars:
Ashenzari
Cheibriados
Dithmenos
Elyvilon
Fedhas
Gozag
Hepliaklqana
Kikubaaqudgha
Makhleb
Nemelex Xobeh
Okawaru
Qazlal
Ru
Sif Muna
Trog
Uskayaw
Vehumet
Wu Jian
Xom
Zin
The Shining One

Shops:
D:4 *   D:5 [([!=


Innate Abilities, Weirdness & Mutations

You are small and have problems with some larger weapons.
You are somewhat resistant to further mutation.
You are resistant to electric shocks. (rElec)


Message History

The death yak gores you but does no damage.
You hit the death yak but do no damage.
The death yak is lightly wounded.
You feel sick.
You hit the death yak.
The death yak is lightly wounded.
The death yak snorts and paws the ground.
The death yak barely misses you.
Some of the chunks of flesh in your inventory have rotted away.
You hit the death yak but do no damage.
The death yak is lightly wounded.
You hit the death yak but do no damage.
The death yak is lightly wounded.
You feel sick. The death yak misses you.
You hit the death yak but do no damage.
The death yak is lightly wounded.
You hit the death yak but do no damage.
The death yak is lightly wounded.
You feel sick. The death yak gores you!
You die...

.............................)..#
.................................
.................................
..................)..............
....................[............
........................[........
.................................
.................................
................@................
.................Y...............
#.............................###
#.............................# #
#............................## #
.............................# #
......................>......#
............................##
.............................# ##


You could see a death yak.

Vanquished Creatures
  A hydra (D:8)
  A death yak (D:9)
  Pikel (D:4)
  An orc knight (Bailey)
  A kobold demonologist (D:8)
  Grinder (D:6)
  Prince Ribbit (D:6)
  A troll (D:9)
  2 dream sheep (D:8)
  2 hippogriffs
  2 yaks (D:8)
  A hungry ghost (D:8)
  Menkaure (D:5)
  A water moccasin (D:8)
  14 orc warriors
  A slave (D:5)
  2 necrophages
  An ice beast (D:8)
  A black bear (D:5)
  2 phantoms
  A sky beast (D:6)
  7 ogres
  7 centaurs
  6 big kobolds
  6 bullfrogs
  A gnoll sergeant (D:9)
  A scorpion (D:6)
  2 howler monkeys
  6 crimson imps
  2 hounds (D:6)
  2 jellies
  5 orc priests
  A centaur skeleton (D:7)
  14 orc wizards
  An iguana (D:5)
  5 worker ants
  A hound zombie (D:7)
  A worker ant zombie (D:8)
  8 gnolls
  A howler monkey skeleton (D:8)
  11 adders
  A shadow imp (D:5)
  2 oozes (D:1)
  An adder skeleton (D:6)
  4 worms
  4 dart slugs
  7 leopard geckos
  32 orcs
  A giant cockroach (D:2)
  9 goblins
  8 hobgoblins
  8 jackals
  5 quokkas
  5 ball pythons
  5 bats
  2 frilled lizards (D:1)
  A jackal skeleton (D:4)
  5 kobolds
  A leopard gecko skeleton (D:4)
  A quokka skeleton (D:4)
  4 rats
233 creatures vanquished.

Vanquished Creatures (others)
  3 slaves (D:5)
  A bullfrog skeleton (D:5)
  2 orc priests (D:5)
  A dart slug (D:5)
7 creatures vanquished.

Grand Total: 240 creatures vanquished

Notes
Turn   | Place    | Note
-------+----------+-------------------------------------------
     0 | D:1      | sankara the Halfling Hunter began the quest for the Orb.
     0 | D:1      | Reached XP level 1. HP: 14/14 MP: 1/1
    78 | D:1      | Reached skill level 6 in Slings
   162 | D:1      | Reached XP level 2. HP: 19/19 MP: 2/2
   545 | D:1      | Reached XP level 3. HP: 24/24 MP: 3/3
  1090 | D:2      | Reached skill level 7 in Slings
  1292 | D:1      | Reached XP level 4. HP: 24/29 MP: 4/4
  1422 | D:2      | Noticed an ogre
  1508 | D:2      | Killed an ogre
  1508 | D:2      | Reached skill level 8 in Slings
  1508 | D:2      | Reached XP level 5. HP: 34/34 MP: 5/5
  1566 | D:2      | Found a hazy altar of Hepliaklqana.
  1689 | D:2      | Found a snail-covered altar of Cheibriados.
  1969 | D:2      | Found a shimmering altar of Xom.
  2161 | D:2      | Reached XP level 6. HP: 29/39 MP: 6/6
  2404 | D:3      | Reached skill level 9 in Slings
  3184 | D:4      | Found Posasoby's Assorted Antiques.
  3271 | D:4      | Found a stormy altar of Qazlal.
  3558 | D:4      | Found a radiant altar of Vehumet.
  3643 | D:5      | Entered Level 5 of the Dungeon
  3643 | D:5      | Noticed Pikel
  3643 | D:5      | Noticed a slave
  3643 | D:5      | Noticed a slave
  3645 | D:5      | Noticed a slave
  3648 | D:5      | Killed a slave
  3648 | D:5      | Noticed a slave
  3665 | D:4      | Killed Pikel
  3665 | D:4      | Reached skill level 10 in Slings
  3665 | D:4      | Reached skill level 5 in Dodging
  3665 | D:4      | Reached XP level 7. HP: 19/46 MP: 7/7
  3665 | D:4      | Reached XP level 8. HP: 21/52 MP: 8/8
  3937 | D:5      | Noticed Menkaure
  3950 | D:5      | Found Nofih's Distillery.
  4208 | D:5      | Found Caqemoib's Weapon Emporium.
  4931 | D:5      | Found Losoklit's Armour Shop.
  5092 | D:5      | Found an iron altar of Okawaru.
  5095 | D:5      | Found Kuidd's Antique Armour Emporium.
  5096 | D:5      | Became a worshipper of Warmaster Okawaru
  5110 | D:5      | Killed Menkaure
  5113 | D:5      | Bought a translucent cloak for 294 gold pieces
  5118 | D:5      | Identified the +3 cloak of Dishonesty {rElec} (You bought
                  | it in a shop on level 5 of the Dungeon)
  5414 | D:5      | Found Uxtoilob's Jewellery Emporium.
  5568 | D:5      | Reached XP level 9. HP: 58/58 MP: 9/9
  5772 | D:5      | Reached skill level 5 in Short Blades
  5772 | D:5      | Reached skill level 11 in Slings
  5989 | D:6      | Found a staircase to the Ecumenical Temple.
  6009 | Temple   | Entered the Ecumenical Temple
  6332 | D:6      | Reached * piety under Okawaru
  6401 | D:6      | Reached skill level 5 in Fighting
  6417 | D:6      | Noticed Prince Ribbit
  6446 | D:6      | Killed Prince Ribbit
  6577 | D:6      | Noticed Grinder
  6605 | D:6      | Killed Grinder
  6824 | D:7      | Reached skill level 12 in Slings
  6879 | D:7      | Reached ** piety under Okawaru
  6879 | D:7      | Reached XP level 10. HP: 65/66 MP: 10/10
  6955 | D:7      | Reached skill level 1 in Invocations
  7937 | D:7      | Found a sacrificial altar of Ru.
  7938 | D:7      | Found a hide-covered altar of Uskayaw.
  7948 | D:7      | Found a glowing golden altar of the Shining One.
  7968 | D:7      | Found a bloodstained altar of Trog.
  8874 | D:8      | Reached *** piety under Okawaru
  9030 | D:8      | Noticed a kobold demonologist
  9032 | D:8      | Noticed an ice devil
  9041 | D:8      | Noticed an ice devil
  9044 | D:8      | Killed a kobold demonologist
  9360 | D:8      | Found a stormy altar of Qazlal.
  9484 | D:8      | Received a gift from Okawaru
  9521 | D:8      | Gained mutation: You are resistant to electric shocks.
                  | (rElec) [potion of mutation]
  9814 | D:8      | Found a shadowy altar of Dithmenos.
 10045 | D:8      | Reached skill level 5 in Invocations
 10046 | D:8      | Reached XP level 11. HP: 59/72 MP: 13/15
 10054 | D:8      | Reached skill level 1 in Armour
 10094 | D:8      | Noticed a three-headed hydra
 10117 | D:8      | Killed a three-headed hydra
 10117 | D:8      | Received a gift from Okawaru
 10664 | D:9      | Noticed a death yak
 10670 | D:9      | Noticed a death yak
 10677 | D:9      | Noticed a death yak
 10684 | D:9      | Killed a death yak
 11072 | D:9      | Found a flagged portal.
 11086 | Bailey   | Entered a bailey
 11147 | Bailey   | Reached **** piety under Okawaru
 11162 | Bailey   | Identified the +1 chain mail "Ercheigotal" {rN+++}
 11182 | Bailey   | Noticed an orc knight
 11201 | Bailey   | Killed an orc knight
 11201 | Bailey   | Reached skill level 5 in Stealth
 11717 | Bailey   | Got a steaming hand axe
 11996 | D:9      | Found a staircase to the Lair.
 12330 | D:9      | Received a gift from Okawaru
 12330 | D:9      | Reached skill level 1 in Shields
 12409 | D:8      | Slain by a death yak

Levels and vault maps discovered:
D:1:      wander_arrival_lonely_grave, layout_basic,
          minmay_misc_feat_more_columns
D:2:      layout_loops_cross, nicolae_overflow_crystal_walls,
          old_standard_altar, lemuel_coloured_pillars_altar
D:3:      layout_rooms, first_ration
D:4:      layout_rooms, vehumet_crystals, serial_shops, shop,
          minmay_fountain_box, minmay_ruined_shrine
D:5:      layout_loops_ring, okawaru_metal_pillars_1_2, serial_shops, shop,
          shop, shop, nicolae_shop_trees, shop, uniq_pikel, uniq_menkaure
D:6:      layout_cave_pools, minmay_temple_entry_overgrown, st_stairs_4,
          uniq_grinder, uniq_prince_ribbit1
D:7:      minmay_flawed_box, layout_layer_cave, grunt_temple_overflow_cloverleaf
D:8:      layout_layer_cave, lemuel_round_altar,
          nicolae_qazlal_style_of_elements, hangedman_ranch
          [blue_anna_fruit_fields]
D:9:      cheibrodos_frozen_isle, layout_loops_ring,
          lemuel_mausoleum_altar_yredelemnul, dpeg_lair_monsters,
          kennysheep_orc_monster_closet_entryway, enter_bailey_2
Temple:   eino_temple_lava

Skill      XL: |  1  2  3  4  5  6  7  8  9 10 11 |
---------------+----------------------------------+-----
Slings         | 6 7 8 10 12 | 12.0
Dodging        | 3 4 5 6 7 9 |  9.0
Fighting       | 3 4 5 6 7 |  7.4
Short Blades   | 3 4 6 9 |  9.0
Invocations    | 5 7 |  7.0
Armour         | 2 |  2.8
Stealth        | 5 |  5.6
Shields        | 1 |  1.7

Action                   |  1- 3 |  4- 6 |  7- 9 | 10-12 || total
-------------------------+-------+-------+-------+-------++-------
Melee: Short sword       |   108 |    11 |       |       ||   119
       Dagger            |       |    43 |       |   353 ||   396
       Rapier            |       |    74 |   218 |    19 ||   311
       Punch             |       |       |       |     1 ||     1
 Fire: Hunting sling     |     7 |    55 |    55 |   367 ||   484
Throw: Stone             |       |       |       |    15 ||    15
Invok: Heroism           |       |       |     2 |     9 ||    11
  Use: Scroll            |       |     2 |       |    10 ||    12
       Potion            |       |       |       |     5 ||     5
 Stab: Sleeping          |     5 |     1 |       |       ||     6
  Eat: Chunk             |     1 |     8 |    10 |    15 ||    34
       Ration            |       |       |       |     1 ||     1
Armor: Leather armour    |    21 |    21 |    50 |    53 ||   145
       Ring mail         |       |       |       |    10 ||    10
Dodge: Dodged            |    88 |   106 |   164 |   297 ||   655
Block: Buckler           |       |       |       |     7 ||     7
